 Dungeon Crawl Stone Soup version 0.23-a0-641-g0a7f1ce553 (webtiles) character file.

3746 HereIgoKillingAgain the Carver (level 9, -1/61 HPs)
             Began as a Demonspawn Gladiator on Dec 30, 2018.
             Was a High Priest of Okawaru.
             Slain by a yak (13 damage)
             ... on level 8 of the Dungeon.
             The game lasted 00:11:25 (8228 turns).

HereIgoKillingAgain the Carver (DsGl)               Turns: 8228, Time: 00:11:26

Health: -1/61      AC:  9    Str: 18    XL:     9   Next: 93%
Magic:  13/13      EV: 17    Int: 12    God:    Okawaru [*****.]
Gold:   110        SH:  0    Dex: 15    Spells: 8/8 levels left

rFire    . . .     SeeInvis .   D - +2 long sword (flame)
rCold    . . .     Gourm    .   (no shield)
rNeg     . . .     Faith    .   i - +0 leather armour
rPois    .         Spirit   .   c - +1 helmet
rElec    .         Reflect  .   p - +0 cloak
rCorr    .         Harm     .   I - +1 pair of gloves {Str+3}
MR       .....                  E - +0 pair of boots
Stlth    +.........             (no amulet)
HPRegen  0.20/turn              (no ring)
MPRegen  0.13/turn              (no ring)

@: very slow
A: talons 1, powered by death 1, sturdy frame 2
a: Heroism, Finesse, Renounce Religion


You were on level 8 of the Dungeon.
You worshipped Okawaru.
Okawaru was extremely pleased with you.
You were not hungry.

You visited 1 branch of the dungeon, and saw 8 of its levels.
You also visited: Sewer.

You collected 372 gold pieces.
You spent 262 gold pieces at shops.

Inventory:

Hand Weapons
 b - a +0 blowgun
 D - a +2 long sword of flaming (weapon)
Missiles
 d - 3 throwing nets (quivered)
 t - 3 curare-tipped needles
Armour
 c - a +1 helmet (worn)
 i - a +0 leather armour (worn)
 p - a +0 cloak (worn)
 E - a +0 pair of boots (worn)
 I - a +1 pair of gloves of strength (worn)
Wands
 m - a wand of iceblast (4)
 A - a wand of clouds (3)
 B - a wand of scattershot (2)
 C - a wand of enslavement (15)
Scrolls
 e - 2 scrolls of fear
 h - 4 scrolls of remove curse
 j - 7 scrolls of magic mapping
 o - 2 scrolls of blinking
 r - 4 scrolls of identify
 u - 3 scrolls of teleportation
 y - a scroll of enchant weapon
 F - a scroll of fog {unknown}
 H - a scroll of immolation
Potions
 a - a potion of invisibility {unknown}
 g - a potion of might {unknown}
 k - a potion of ambrosia
 l - 3 potions of degeneration
 n - 2 potions of brilliance {unknown}
 q - 3 potions of lignification {unknown}
 s - 3 potions of magic
 v - 2 potions of berserk rage {unknown}
 w - a potion of haste {unknown}
 x - 7 potions of curing
 z - a potion of cancellation {unknown}
 G - a potion of mutation {unknown}
Comestibles
 f - 12 rations


   Skills:
 - Level 2.0 Fighting
 * Level 9.7 Long Blades
 - Level 1.7 Throwing
 + Level 7.1 Dodging
 + Level 6.6 Invocations
 + Level 4.6 Evocations


You had 8 spell levels left.
You didn't know any spells.
Your spell library was empty.

Dungeon Overview and Level Annotations

Branches:
Dungeon (8/15)             Temple (0/1) D:4
   Lair: D:8-11

Altars:
Ashenzari
Elyvilon
Fedhas
Kikubaaqudgha
Nemelex Xobeh
Okawaru

Shops:
D:5 %   D:7 [

Annotations:
D:8 1 runed door


Innate Abilities, Weirdness & Mutations

You have sharp toenails.
You regenerate a little health from kills.
Your movements are less encumbered by armour. (ER -4)


Message History

The dream sheep is engulfed in blazing flames. x2
The dream sheep bites you!
* * * LOW HITPOINT WARNING * * *
Evoke which item? (* to show all) (? for menu, Esc to quit)
Aiming: Scattershot
Press: ? - help, Shift-Dir - straight line, f - yak, p - dream sheep
Aim: a yak The burst of metal fragments hits the yak. x6
The yak is severely wounded.
The plant is engulfed in blazing flames. x2
The big kobold barely misses you.
You riposte.
You slash the big kobold! You burn the big kobold.
The big kobold is almost dead.
The yak is engulfed in blazing flames.
The dream sheep is engulfed in blazing flames.
You kill the dream sheep!
Okawaru is honoured by your kill.
You can now speed up your combat.
Okawaru will gift you equipment as you gain piety.
The yak gores you!
You die...

.................................
....>.....#.......#..............
<..(..<..###......##.............
.....##.###......###....##..##..#
###..##..###.....#......)........
####..##.#.#........)...).###....
......##..†#.......##.......##...
#.......##.#####.#####.##........
#...#...####PP≈.@Y≈.##..####.....
......#....#P≈.KYY.%#...# #......
###†###.†###≈≈P§§§%.#..####......
.....#....##P§§§§P..#....#..####.
..........##.≈P§§§§.#....##)...#
....#......#+###'''##.....#....#
....###....# #.....#..........##
.##..#.....# +...%%#............
###........##########.......)..##


You could see 2 yaks, a big kobold and a dream sheep.

Vanquished Creatures
  Grinder (D:4)
  A dream sheep (D:8)
  Menkaure (D:7)
  A hungry ghost (D:7)
  A water moccasin (D:7)
  Duvessa (D:7)
  An orc warrior (D:6)
  2 phantoms (D:7)
  2 ice beasts
  2 ogres
  A centaur (D:6)
  A big kobold (D:8)
  8 bullfrogs
  Dowan (D:7)
  3 scorpions
  3 killer bees (D:8)
  A crimson imp (D:6)
  A bullfrog zombie (D:8)
  2 jellies (D:8)
  2 hounds (D:6)
  A bullfrog skeleton (D:7)
  3 orc priests
  3 iguanas
  9 orc wizards
  6 worker ants
  A howler monkey zombie (D:6)
  A worker ant zombie (D:6)
  Robin (D:4)
  8 gnolls (D:7)
  20 adders
  2 river rats (Sewer)
  A shadow imp (D:8)
  4 oozes
  2 adder skeletons
  A worm (D:2)
  3 dart slugs
  7 leopard geckos
  22 orcs
  11 ball pythons
  13 giant cockroaches
  18 goblins
  10 hobgoblins
  14 jackals
  6 kobolds
  4 quokkas
  14 bats
  7 frilled lizards
  A jackal skeleton (D:7)
  A leopard gecko zombie (D:5)
  A quokka zombie (D:7)
  29 rats
260 creatures vanquished.

Notes
Turn   | Place    | Note
-------+----------+-------------------------------------------
     0 | D:1      | HereIgoKillingAgain the Demonspawn Gladiator began the
                  | quest for the Orb.
     0 | D:1      | Reached XP level 1. HP: 16/16 MP: 1/1
    49 | D:1      | Reached skill level 3 in Long Blades
   105 | D:1      | Gained mutation: You have sharp toenails. [demonic
                  | ancestry]
   105 | D:1      | Reached XP level 2. HP: 18/22 MP: 2/2
   304 | D:1      | Gained mutation: Your movements are slightly less
                  | encumbered by armour. (ER -2) [demonic ancestry]
   304 | D:1      | Reached XP level 3. HP: 27/27 MP: 3/3
  1121 | D:2      | Gained mutation: You regenerate a little health from kills.
                  | [demonic ancestry]
  1121 | D:2      | Reached XP level 4. HP: 33/33 MP: 4/4
  1126 | D:2      | Reached skill level 4 in Long Blades
  1776 | D:3      | Found a blossoming altar of Fedhas.
  1784 | D:3      | Found a shattered altar of Ashenzari.
  1787 | D:3      | Found a white marble altar of Elyvilon.
  1899 | D:3      | Reached XP level 5. HP: 33/38 MP: 5/5
  2784 | D:4      | Found an iron altar of Okawaru.
  2850 | D:4      | Became a worshipper of Warmaster Okawaru
  2897 | D:4      | Found a glowing drain.
  2928 | D:4      | Reached skill level 5 in Long Blades
  2934 | Sewer    | Entered a sewer
  3400 | Sewer    | Reached XP level 6. HP: 44/44 MP: 6/6
  3652 | Sewer    | Reached * piety under Okawaru
  3727 | D:4      | Reached skill level 6 in Long Blades
  3779 | D:4      | Gained mutation: Your movements are less encumbered by
                  | armour. (ER -4) [demonic ancestry]
  3779 | D:4      | Reached XP level 7. HP: 50/50 MP: 7/7
  3891 | D:4      | Found a staircase to the Ecumenical Temple.
  3904 | D:4      | Noticed Robin
  3905 | D:4      | Noticed Grinder
  3936 | D:4      | Killed Robin
  3958 | D:4      | Killed Grinder
  3958 | D:4      | Reached skill level 5 in Dodging
  4021 | D:4      | Reached skill level 7 in Long Blades
  4318 | D:5      | Entered Level 5 of the Dungeon
  4329 | D:5      | Found Omuit's Food Emporium.
  4514 | D:5      | Found an iron altar of Okawaru.
  4851 | D:5      | Reached skill level 1 in Invocations
  5081 | D:6      | Reached ** piety under Okawaru
  5102 | D:6      | Reached XP level 8. HP: 44/56 MP: 9/9
  5249 | D:6      | Reached skill level 1 in Evocations
  5814 | D:6      | Reached skill level 8 in Long Blades
  5838 | D:6      | Found an ancient bone altar of Kikubaaqudgha.
  6333 | D:7      | Reached *** piety under Okawaru
  6440 | D:7      | Found a sparkling altar of Nemelex Xobeh.
  6541 | D:7      | Reached XP level 9. HP: 55/61 MP: 12/12
  6784 | D:7      | Noticed Duvessa
  6784 | D:7      | Noticed Dowan
  6803 | D:7      | Killed Duvessa
  6806 | D:7      | Killed Dowan
  6954 | D:7      | Reached skill level 5 in Invocations
  6971 | D:7      | Noticed Menkaure
  6978 | D:7      | Killed Menkaure
  6978 | D:7      | Reached **** piety under Okawaru
  7161 | D:7      | Reached skill level 9 in Long Blades
  7396 | D:7      | Found Kissiow's Antique Armour Emporium.
  7404 | D:7      | Bought a pair of runed gloves for 262 gold pieces
  8050 | D:8      | Found a runed gate.
  8228 | D:8      | Reached ***** piety under Okawaru
  8228 | D:8      | Slain by a yak

Vault maps used:
D:1:      kennysheep_arrival_forest, grunt_decor_cap
D:3:      grunt_temple_overflow_open, first_ration
D:4:      kennysheep_little_box, minmay_temple_entry_grid,
          gup_sewer_entry_glass, uniq_robin, uniq_grinder
D:5:      serial_shops, nicolae_shop_stone, chequers_serial_rivers_room_a,
          kennysheep_okawaru_gauntlet
D:6:      kiku_gazebo_pond_becter, corexii_corridor_pit
D:7:      mumra_celtic_spiral_tile, marbit_many_paths, serial_shops, shop,
          uniq_menkaure, uniq_duvessa
D:8:      gammafunk_ghost_spectres, hangedman_ranch
Sewer:    sewer_minmay_w

Skill      XL: |  1  2  3  4  5  6  7  8  9 |
---------------+----------------------------+-----
Long Blades    | 3 4 5 6 7 8 9 |  9.7
Dodging        | 3 4 5 6 7 |  7.1
Invocations    | 2 4 6 |  6.6
Evocations     | 2 4 |  4.6
Fighting       | |  2.0
Throwing       | |  1.7

Action                   |  1- 3 |  4- 6 |  7- 9 || total
-------------------------+-------+-------+-------++-------
Melee: Long sword        |    77 |   209 |   343 ||   629
       Kick              |    19 |    67 |    51 ||   137
       Punch             |       |       |     1 ||     1
 Fire: Blowgun           |       |       |     3 ||     3
Throw: Throwing net      |       |     1 |     1 ||     2
Invok: Heroism           |       |       |     1 ||     1
Evoke: Wand              |       |       |     6 ||     6
  Use: Potion            |       |     5 |     2 ||     7
       Scroll            |       |     5 |     8 ||    13
 Stab: Sleeping          |     1 |     2 |     2 ||     5
       Distracted        |       |     1 |       ||     1
  Eat: Chunk             |       |    10 |     4 ||    14
       Ration            |       |       |     4 ||     4
Armor: Leather armour    |    28 |    82 |    73 ||   183
Dodge: Dodged            |    52 |   225 |   317 ||   594
       Rpst.: Long sword |    15 |    78 |   114 ||   207

Table legend:
 A = Non-vault XP
 B = Vault XP
 C = Vault XP percentage of total XP
 D = Non-vault monster count
 E = Vault monster count
 F = Vault count percentage of total count
                 A         B        C        D         E       F
            +---------+---------+-------+---------+---------+-------
      Total |    3905 |    1447 |  27.0 |     186 |      74 |  28.5
            +---------+---------+-------+---------+---------+-------
        D:1 |      55 |       0 |   0.0 |      26 |       0 |   0.0
        D:2 |      79 |       0 |   0.0 |      21 |       0 |   0.0
        D:3 |     128 |       0 |   0.0 |      30 |       0 |   0.0
        D:4 |     218 |     355 |  62.0 |      14 |      20 |  58.8
        D:5 |     134 |       0 |   0.0 |       9 |       0 |   0.0
        D:6 |     906 |       0 |   0.0 |      33 |       0 |   0.0
        D:7 |    1187 |     408 |  25.6 |      27 |       4 |  12.9
        D:8 |    1198 |     355 |  22.9 |      26 |       2 |   7.1
      Sewer |       0 |     329 | 100.0 |       0 |      48 | 100.0
            +---------+---------+-------+---------+---------+-------
